 Dungeon Crawl Stone Soup version 0.28-a0-691-gad6df49e81 (webtiles) character file.

Game seed: 3500246049798973320

331 Irenicus the Geomancer (level 6, 31/49 HPs)
             Began as a Deep Dwarf Earth Elementalist on Oct 21, 2021.
             Quit the game on level 5 of the Dungeon.
             The game lasted 00:04:39 (691 turns).

Irenicus the Geomancer (DDEE)                        Turns: 691, Time: 00:04:40

Health: 31/49      AC:  3    Str: 12    XL:     6   Next: 26%
Magic:  0/7        EV: 12    Int: 17    God:
Gold:   112        SH:  0    Dex: 13    Spells: 5/8 levels left

rFire   . . .      SeeInvis .   e - +0 short sword
rCold   . . .      Faith    .   (no shield)
rNeg    . . .      Spirit   .   i - +0 leather armour
rPois   .          Reflect  .   (no helmet)
rElec   .          Harm     .   (no cloak)
rCorr   .          Rampage  .   (no gloves)
Will    .....                   (no boots)
Stlth   ++........              (no amulet)
HPRegen 0.00/turn               (no ring)
MPRegen 0.10/turn               (no ring)

@: no status effects
A: damage resistance, heal wounds, sense surroundings 1, no regeneration
a: Heal Wounds


You were on level 5 of the Dungeon.
You visited 1 branch of the dungeon, and saw 5 of its levels.

You collected 112 gold pieces.


Innate Abilities, Weirdness & Mutations

You are resistant to damage.
You can heal yourself by infusing magical energy.
You passively map a small area around you.
You do not regenerate.


   Skills:
 - Level 2.1 Dodging
 - Level 2.4 Stealth
 - Level 1.7 Spellcasting
 - Level 0.8 Transmutations
 + Level 9.4 Earth Magic


You had 5 spell levels left.
You knew the following spells:

 Your Spells              Type           Power      Damage    Failure   Level
w - Passwall              Tmut/Erth      15%        N/A       4%          2
z - Sandblast             Erth           66%        2d15      1%          1

Your spell library contained the following spells:

 Spells                   Type           Power      Damage    Failure   Level
 Stone Arrow              Conj/Erth      34%        3d9       11%         3
 Petrify                  Tmut/Erth      18%        N/A       30%         4

Inventory:

Hand Weapons
 e - a +0 short sword (weapon)
Missiles
 c - 12 stones
Armour
 i - a +0 leather armour (worn)
Magical Staves
 g - a staff of death {!a}
Scrolls
 a - 2 scrolls of amnesia {unknown}
 b - a scroll of brand weapon {unknown}
 f - 2 scrolls of identify {unknown}
 h - 2 scrolls of vulnerability {unknown}
 k - a scroll of enchant armour {unknown}

Dungeon Overview and Level Annotations

Branches:
Dungeon (5/15)
 Temple: D:4-7

Altars:

Shops:
D:1 !

Annotations:
D:3 Grinder

..^... * ▒.▒ .....▒▒▒
▒▒.* ▒.▒ $....▒..
...▒▒▒ ▒.▒ .....▒.▒
*..... ▒.▒ *, ,...▒.▒
▒.▒.▒ ▒.▒ *, ,....▒
.... ▒.▒ * ▒..▒ ..▒,
▒.▒ ▒▒▒▒▒..▒▒..▒.▒▒.
▒.▒▒▒▒▒.....Zh@.......
▒...†>..▒▒▒.▒▒▒.▒▒▒▒▒▒
▒▒▒▒.▒..▒ ▒.....▒ *,
▒▒ ▒.▒..▒▒▒..▒▒▒▒
.▒▒▒▒▒.▒.......▒ * *
.....▒.▒.▒.....▒
.▒▒▒.▒......▒▒.▒ .▒*
.▒▒▒.....>.▒ * ..▒ <▒
▒▒[..▒▒▒▒


You could see a hound and a bullfrog skeleton.


Message History

The hound is heavily wounded.
The hound bites you.
You closely miss the hound.
The hound is heavily wounded.
The hound bites you but does no damage. The hound closely misses you.
The hound closely misses you. The hound completely misses you.
You see here 13 stones.
c - 13 stones The hound bites you.
* * * LOW HITPOINT WARNING * * *
Casting: Sandblast (safe; 1% risk of failure)
Confirm with . or Enter, or press ? or * to list all spells.
Aiming: Sandblast (safe; 1% risk of failure)
Press: ? - help, Shift-Dir - straight line, f - hound
Aim: a hound (heavily wounded, 75% to hit)
The blast of sand misses the hound.
The hound barely misses you. The hound bites you.
Casting: Sandblast (safe; 1% risk of failure)
Confirm with . or Enter, or press ? or * to list all spells.
You don't know that spell.
A bullfrog skeleton comes into view.
The hound bites you.
Found 20 gold pieces.
The hound closely misses you.
You aren't carrying any potions.
Unknown command.
Use which ability? (? or * to list)
Your magical essence is drained by the effort!
You feel much better.
Are you sure you want to abandon this character and quit the game? (Confirm with "yes".)

Skill      XL: |  1  2  3  4  5 |
---------------+----------------+-----
Earth Magic    | 5 6 8 9 |  9.4
Dodging        | |  2.1
Stealth        | |  2.4
Spellcasting   | |  1.7
Transmutations | |  0.8

Action                   |  1- 3 |  4- 6 || total
-------------------------+-------+-------++-------
Melee: Unarmed           |    11 |       ||    11
       Short sword       |    17 |    19 ||    36
       Staff             |     4 |       ||     4
 Cast: Sandblast         |    24 |    25 ||    49
       Passwall          |     2 |       ||     2
 Abil: Heal Wounds       |     2 |     1 ||     3
  Use: Potion            |     1 |     2 ||     3
 Stab: Sleeping          |     1 |     2 ||     3
Armor: Robe              |     8 |     2 ||    10
       Leather armour    |       |     5 ||     5
Dodge: Dodged            |    33 |    29 ||    62

Levels and vault maps discovered:
D:1:      matt_arrival_refuge, layout_basic, serial_shops, shop_statue,
          chequers_ecumenical_altar_island, st_stairs_14
D:2:      layout_rooms
D:3:      layout_basic, uniq_sigmund, uniq_terence, uniq_grinder
D:4:      layout_loops_ring, grunt_ministairs_2
D:5:      layout_loops_cross, minmay_temple_entry_fiery, nzn_random_ring

Notes
Turn   | Place    | Note
-------+----------+-------------------------------------------
     0 | D:1      | Irenicus the Deep Dwarf Earth Elementalist began the quest
                  | for the Orb.
     0 | D:1      | Reached XP level 1. HP: 15/15 MP: 3/3
    70 | D:1      | Found Sutiw's Distillery.
    80 | D:1      | Reached XP level 2. HP: 19/22 MP: 0/4
   102 | D:2      | Reached skill level 5 in Earth Magic
   151 | D:3      | Reached XP level 3. HP: 17/28 MP: 1/5
   187 | D:3      | Reached skill level 6 in Earth Magic
   191 | D:3      | Noticed Grinder
   209 | D:3      | Learned a level 2 spell: Passwall
   449 | D:4      | Reached XP level 4. HP: 35/36 MP: 3/6
   486 | D:4      | Noticed a black bear
   497 | D:4      | Killed a black bear
   498 | D:4      | Reached skill level 8 in Earth Magic
   498 | D:4      | Reached XP level 5. HP: 30/42 MP: 0/7
   566 | D:5      | Entered Level 5 of the Dungeon
   653 | D:5      | Noticed a black bear
   663 | D:5      | Killed a black bear
   664 | D:5      | Reached skill level 9 in Earth Magic
   664 | D:5      | Reached XP level 6. HP: 14/49 MP: 1/8
   691 | D:5      | Quit the game

Vanquished Creatures
  2 black bears
  A centaur skeleton (D:5)
  An iguana (D:5)
  A hound zombie (D:3)
  4 adders
  An ufetubus (D:4)
  An adder skeleton (D:4)
  4 dart slugs
  3 orcs
  A bat (D:1)
  2 goblins (D:4)
  2 hobgoblins (D:4)
  3 jackals (D:4)
  2 quokkas
  A rat (D:3)
29 creatures vanquished.

Table legend: (Time is in decaauts)
 A = Elapsed time spent in this place.
 B = Non-inter-level travel time spent in this place.
 C = Inter-level travel time spent in this place.
 D = Time resting spent in this place.
 E = Time spent auto-exploring this place.
 F = Levels seen in this place.
 G = Mean time per level.
                   A        B        C        D        E       F      G
               +--------+--------+--------+--------+--------+-----+--------+
         Total |    692 |    692 |      0 |      0 |      0 |   5 |  138.4 |
       Dungeon |    692 |    692 |      0 |      0 |      0 |   5 |  138.4 |
               +--------+--------+--------+--------+--------+-----+--------+

Top non-repeatable levels by time:
     D:4: 354 daAuts
     D:5: 125 daAuts
     D:1: 84 daAuts
     D:3: 69 daAuts
     D:2: 58 daAuts

Table legend:
 A = Non-vault XP
 B = Vault XP
 C = Vault XP percentage of total XP
 D = Non-vault monster count
 E = Vault monster count
 F = Vault count percentage of total count
                 A         B        C        D         E       F
            +---------+---------+-------+---------+---------+-------
      Total |     339 |     135 |  28.5 |      27 |       2 |   6.9
            +---------+---------+-------+---------+---------+-------
        D:1 |      12 |       0 |   0.0 |       4 |       0 |   0.0
        D:2 |      18 |       0 |   0.0 |       2 |       0 |   0.0
        D:3 |      36 |       0 |   0.0 |       3 |       0 |   0.0
        D:4 |      50 |     135 |  73.0 |      13 |       2 |  13.3
        D:5 |     223 |       0 |   0.0 |       5 |       0 |   0.0
            +---------+---------+-------+---------+---------+-------
